 Dungeon Crawl Stone Soup version 0.27-a0-1147-gb3d8e82157 (webtiles) character file.

Game seed: 6561496127463442153

60746 kae the Brawler (level 14, -12/112 (113) HPs)
             Began as a Demonspawn Fighter on May 11, 2021.
             Was the Champion of Okawaru.
             Mangled by an orc warrior
             ... wielding a +2 glaive of freezing
              (19 damage)
             ... on level 2 of the Orcish Mines.
             The game lasted 00:20:46 (29783 turns).

kae the Brawler (Demonspawn Fighter)               Turns: 29783, Time: 00:20:47

HP:   -12/112 (113) AC: 24    Str: 23    XL:     14   Next: 58%
MP:   21/21         EV: 19    Int:  9    God:    Okawaru [******]
Gold: 1504          SH:  4    Dex: 12    Spells: 13/13 levels left

rFire    . . .     SeeInvis .     - Unarmed
rCold    . . .     Faith    .   (no shield)
rNeg     . . .     Spirit   .   t - +6 scale mail {rPois}
rPois    +         Reflect  .   s - +2 hat
rElec    .         Harm     .   Q - scarf {repulsion}
rCorr    .         Rampage  .   (gloves unavailable)
Will     ++...                  (no boots)
Stlth    +.........             f - amulet of the acrobat
HPRegen  0.28/turn              e - ring of willpower
MPRegen  0.17/turn              y - +4 ring of evasion

@: heroic, studying Invocations, lightly drained, repel missiles
A: claws 3, molten scales 2, demonic guardian 2, icemail 1, condensation shield
a: Renounce Religion, Heroism, Finesse


You were on level 2 of the Orcish Mines.
You worshipped Okawaru.
Okawaru was exalted by your worship.
You visited 3 branches of the dungeon, and saw 20 of its levels.
You also visited: Ossuary and Gauntlet.

You collected 1504 gold pieces.

Inventory:

Hand Weapons
 a - a +0 scimitar of flaming
 G - the +5 demon blade "Qeybuvi" {elec, rN++ Str+4}
   (You found it on level 7 of the Dungeon)

   Occasionally, upon striking a foe, it can discharge electrical energy and
   cause terrible harm.
   It affects your strength (+4).
   It greatly protects you from negative energy.
 J - a +1 long sword of draining
Missiles
 w - a curare-tipped dart (quivered)
 M - 7 boomerangs of dispersal
Armour
 s - a +2 hat (worn)
 t - a +6 scale mail of poison resistance (worn)
 O - the +5 chain mail of the Tarantula {rPois Will- rCorr}
   (You found it on level 1 of the Lair of Beasts)

   It protects you from poison.
   It protects you from acid and corrosion.
   It decreases your willpower.
 Q - a scarf of repulsion (worn)
 W - the +2 pair of boots "Ubletimi" {rC++ Int+3 Dex-4}
   (You found it on level 6 of the Lair of Beasts)

   It affects your intelligence (+3).
   It affects your dexterity (-4).
   It greatly protects you from cold.
Jewellery
 c - an amulet of reflection
 e - a ring of willpower (left claw)
 f - an amulet of the acrobat (around neck)
 l - a +6 ring of dexterity
 o - a ring of resist corrosion
 y - a +4 ring of evasion (right claw)
 E - an amulet of magic regeneration
 I - an amulet of guardian spirit
 K - a ring of positive energy
 P - a +6 ring of strength
 T - a ring of protection from cold
 U - a +4 ring of protection
 V - a ring of wizardry
Wands
 d - a wand of iceblast (34)
 g - a wand of polymorph (5)
 i - a wand of mindburst (27)
 N - a wand of digging (4)
 S - a wand of acid (10)
Scrolls
 b - 3 scrolls of identify
 n - 7 scrolls of amnesia
 v - a scroll of blinking
 x - 2 scrolls of fear
 A - a scroll of enchant armour
 C - 8 scrolls of teleportation
 L - a scroll of brand weapon
 R - 3 scrolls of magic mapping
Potions
 h - a potion of resistance
 j - 2 potions of cancellation
 k - 2 potions of invisibility
 m - 10 potions of curing
 p - 2 potions of lignification
 q - 6 potions of degeneration
 r - 3 potions of brilliance
 u - 3 potions of berserk rage
 z - 3 potions of might
 B - a potion of flight
 D - a potion of mutation
 F - 4 potions of haste
 H - 2 potions of magic


   Skills:
 + Level 11.5(16.5) Fighting
 - Level 3.7(8.7) Long Blades
 + Level 8.0(13.0) Armour
 + Level 7.4(12.4) Dodging
 - Level 2.6(7.6) Shields
 + Level 16.4(21.4) Unarmed Combat
 - Level 10.0 Invocations


You had 13 spell levels left.
You didn't know any spells.
Your spell library contained the following spells:

 Spells                   Type           Power      Damage    Failure   Level
 Animate Skeleton         Necr           0%         N/A       63%         1
 Apportation              Tloc           0%         N/A       63%         1
 Beastly Appendage        Tmut           0%         N/A       63%         1
 Corona                   Hex            0%         N/A       63%         1
 Foxfire                  Conj/Fire      0%         2x1d4     63%         1
 Freeze                   Ice            0%         1d3       63%         1
 Sandblast                Erth           0%         2d4       63%         1
 Summon Small Mammal      Summ           0%         N/A       63%         1
 Call Imp                 Summ           0%         N/A       77%         2
 Slow                     Hex            0%         N/A       77%         2
 Sublimation of Blood     Necr           0%         N/A       77%         2
 Wereblood                Tmut           0%         N/A       77%         2
 Call Canine Familiar     Summ           0%         N/A       94%         3
 Frozen Ramparts          Ice            0%         1d2       94%         3
 Ignite Poison            Fire/Tmut/Pois 0%         N/A       94%         3
 Inner Flame              Hex/Fire       0%         N/A       94%         3
 Mephitic Cloud           Conj/Pois/Air  0%         N/A       94%         3
 Ozocubu's Armour         Ice            0%         N/A       94%         3
 Portal Projectile        Hex/Tloc       0%         N/A       94%         3
 Spider Form              Tmut/Pois      0%         N/A       94%         3
 Summon Guardian Golem    Hex/Summ       0%         N/A       94%         3
 Cause Fear               Hex            0%         N/A       100%        4
 Hailstorm                Conj/Ice       0%         3d3       100%        4
 Ice Form                 Ice/Tmut       0%         N/A       100%        4
 Leda's Liquefaction      Hex/Erth       0%         N/A       100%        4
 Petrify                  Tmut/Erth      0%         N/A       100%        4
 Summon Ice Beast         Ice/Summ       0%         N/A       100%        4
 Summon Lightning Spire   Summ/Air       0%         N/A       100%        4
 Alistair's Intoxication  Tmut/Pois      0%         N/A       100%        5
 Bolt of Magma            Conj/Fire/Erth 0%         4d4       100%        5
 Borgnjor's Vile Clutch   Necr/Erth      0%         N/A       100%        5
 Hydra Form               Tmut           0%         N/A       100%        5
 Irradiate                Conj/Tmut      0%         3d13      100%        5
 Metabolic Englaciation   Hex/Ice        0%         N/A       100%        5
 Eringya's Noxious Bog    Tmut/Pois      0%         N/A       100%        6
 Freezing Cloud           Conj/Ice/Air   0%         6-21      100%        6
 Simulacrum               Ice/Necr       0%         N/A       100%        6
 Dragon Form              Tmut           0%         N/A       100%        7
 Ozocubu's Refrigeration  Ice            0%         4d5       100%        7
 Dragon's Call            Summ           0%         N/A       100%        9


Dungeon Overview and Level Annotations

Branches:
Dungeon (12/15)            Temple (0/1) D:7            Lair (6/6) D:10
 Shoals (0/4) Lair:2       Spider (0/4) Lair:2        Slime (0/5) Lair:6
    Orc (2/2) D:12        Ossuary (visited)         Gauntlet (visited)
    Elf: Orc:2

Altars:
Ashenzari
Cheibriados
Elyvilon
Kikubaaqudgha
Makhleb
Nemelex Xobeh
Okawaru
Qazlal
Ru
Xom
Yredelemnul
The Shining One
Jiyva

Shops:
Orc:2 (

Annotations:
D:12 2 transporters


Innate Abilities, Weirdness & Mutations

You have claws for hands.
You are mostly covered in molten scales. (AC +3)
A demonic guardian rushes to your aid.
A meltable icy envelope protects you from harm. (AC +4)
A meltable shield of frost defends you. (SH +4)


Message History

An orc sorcerer comes into view.
It is wielding a +0 dagger and wearing a +2 robe of willpower.
The orc warrior hits you but does no damage.
You closely miss the orc warrior.
The orc knight roars a battlecry!
The orcs go into a battle-frenzy!
The orc completely misses you.
You hear a shout!
You mangle the orc warrior!!
You kill the orc warrior!
Okawaru accepts your kill.
You hear a shout!
The orc sorcerer gestures wildly while chanting.
An orc comes into view. It is wielding a +0 hand axe.
You block the orc warrior's attack.
You claw the orc warrior! You claw the orc warrior.
The orc warrior is heavily wounded.
The orc warrior completely misses you. x2
You closely miss the orc warrior. You claw the orc warrior!
You kill the orc warrior!
Okawaru accepts your kill. You block the orc warrior's attack.
The orc warrior hits you but does no damage.
You barely miss the orc. The orc warrior completely misses you.
The orc completely misses you.
The orc sorcerer gestures wildly while chanting.
The orc closely misses you. The orc completely misses you.
The orc warrior hits you from afar with a +2 glaive of freezing!!
The orc warrior freezes you!
* * * LOW HITPOINT WARNING * * *
You eviscerate the orc!!!
You kill the orc!
An orc wizard comes into view. It is wielding a +0 dagger.
The orc warrior hits you but does no damage.
Something closely misses you.
The orc warrior hits you from afar with a +0 halberd!!
* * * LOW HITPOINT WARNING * * *
The orc sorcerer casts a spell.
The orc misses you.
The orc warrior hits you from afar with a +2 glaive of freezing!!
You die...

....... ....
...#.. ... .
#....##..#.#
##...........
#............
##.......... .
#.....)).#....
#@o......
#..o)oo......
#.#.o.o.o..PP.
.$.o......P..
.....#o........
3o4............
.4.. #...P....∩
#.o. ...#......


You could see an orc knight, a smoke demon (summoned), 2 chaos spawn, an orc
sorcerer (strong), 4 orc warriors, an orc wizard (strong) and 4 orcs.

Vanquished Creatures
  Frances (D:12)
  A minotaur (Gauntlet)
  A catoblepas (Gauntlet)
  6 hydras
  Erica (D:8)
  6 two-headed ogres
  2 orc high priests
  2 lindwurms
  3 orc knights
  2 deep elf pyromancers (D:12)
  An orc sorcerer (Orc:2)
  3 ugly things
  2 cyclopes
  An elephant (Lair:2)
  6 black mambas
  3 merfolk sirens (Lair:2)
  23 cane toads
  2 gargoyles
  2 molten gargoyles (Gauntlet)
  Psyche (D:12)
  A kobold demonologist (D:11)
  An unseen horror (D:11)
  9 komodo dragons
  2 trolls
  A hornet (D:10)
  26 blink frogs
  2 polar bears (Lair:6)
  Grinder (D:6)
  3 slime creatures (Gauntlet)
  5 tyrant leeches
  6 dream sheep
  2 shadows
  3 redbacks (Lair:2)
  8 wyverns
  5 humans (D:7)
  15 yaks
  A wraith (D:12)
  Eustachio (D:5)
  A basilisk (D:12)
  6 vampire mosquitoes
  4 wargs
  Menkaure (D:4)
  Edmund (D:5)
  7 water moccasins
  21 orc warriors
  3 black bears
  A sky beast (D:7)
  2 ogres
  8 necrophages
  14 wolves
  5 centaurs
  2 kobold brigands
  Blork the orc (D:5)
  A phantom (D:2)
  21 bullfrogs
  A gnoll sergeant (D:9)
  A wyvern zombie (D:5)
  A wyvern skeleton (D:7)
  10 killer bees
  3 wights (D:9)
  5 electric eels
  10 howler monkeys
  4 centaur zombies
  4 hounds
  4 bullfrog skeletons
  13 orc priests
  2 gnoll shamans
  2 jellies
  4 iguanas
  15 orc wizards
  5 hell rats (Lair:6)
  Terence (D:2)
  A killer bee zombie (D:3)
  2 hound skeletons
  13 mummies (Ossuary)
  Robin (D:2)
  25 gnolls
  A howler monkey zombie (D:11)
  5 adders
  4 shadow imps
  2 white imps
  An ufetubus (D:5)
  3 adder skeletons
  4 worms
  A dart slug (D:1)
  62 orcs
  4 ball pythons
  11 endoplasms
  5 giant cockroaches
  14 goblins
  19 hobgoblins
  10 jackals
  2 quokkas (D:3)
  8 bats
  A frilled lizard (D:3)
  A gnoll skeleton (Ossuary)
  3 goblin skeletons (Ossuary)
  19 kobolds
  A kobold skeleton (Ossuary)
  2 orc skeletons (Ossuary)
  6 rats
  11 rat skeletons (Ossuary)
587 creatures vanquished.

Vanquished Creatures (collateral kills)
  A hydra (Lair:5)
  2 elephants (Lair:2)
  2 cane toads
  A merfolk (Lair:2)
  A polar bear (Lair:2)
  A blink frog (Lair:6)
  A dream sheep (Lair:6)
  2 yaks (Lair:2)
  A warg (Orc:2)
  An orc warrior (Orc:2)
  A centaur (D:10)
  An electric eel (Lair:3)
  An orc priest (D:5)
  2 hell rats (Lair:6)
  A gnoll (Orc:1)
  An adder (D:4)
  5 orcs
  An endoplasm (D:2)
26 creatures vanquished.

Vanquished Creatures (others)
  A wizard (Gauntlet)
  A goblin skeleton (Ossuary)
  38 fungi
  89 plants
  A withered plant (Gauntlet)
130 creatures vanquished.

Grand Total: 743 creatures vanquished

Notes
Turn   | Place    | Note
-------+----------+-------------------------------------------
     0 | D:1      | kae the Demonspawn Fighter began the quest for the Orb.
     0 | D:1      | Reached XP level 1. HP: 18/18 MP: 1/1
   472 | D:1      | Gained mutation: A meltable shield of frost defends you.
                  | (SH +4) [demonic ancestry]
   472 | D:1      | Reached XP level 2. HP: 24/24 MP: 2/2
  1086 | D:1      | Gained mutation: A weak demonic guardian rushes to your
                  | aid. [demonic ancestry]
  1086 | D:1      | Reached XP level 3. HP: 28/29 MP: 3/3
  1325 | D:2      | Noticed a phantom
  1337 | D:2      | Killed a phantom
  1338 | D:2      | Gained mutation: You have sharp fingernails. [demonic
                  | ancestry]
  1338 | D:2      | Reached XP level 4. HP: 13/37 MP: 4/4
  1545 | D:2      | Noticed Terence
  1555 | D:2      | Killed Terence
  1556 | D:2      | Reached skill level 1 in Unarmed Combat
  1560 | D:2      | Gained mutation: A meltable icy envelope protects you from
                  | harm. (AC +4) [demonic ancestry]
  1560 | D:2      | Reached XP level 5. HP: 42/42 MP: 5/5
  1586 | D:2      | Found a basalt altar of Yredelemnul.
  1691 | D:2      | Reached skill level 2 in Unarmed Combat
  1748 | D:2      | Noticed Robin
  1777 | D:2      | Killed Robin
  2193 | D:2      | Reached skill level 3 in Unarmed Combat
  2502 | D:3      | Gained mutation: You have very sharp fingernails. [demonic
                  | ancestry]
  2502 | D:3      | Reached XP level 6. HP: 41/48 MP: 6/6
  2765 | D:3      | Reached skill level 4 in Unarmed Combat
  4037 | D:3      | HP: 2/48 [poisoned by a gnoll]
  4442 | D:4      | Noticed Menkaure
  4447 | D:4      | Killed Menkaure
  4448 | D:4      | Reached skill level 5 in Unarmed Combat
  4448 | D:4      | Gained mutation: You have claws for hands. [demonic
                  | ancestry]
  4448 | D:4      | Reached XP level 7. HP: 20/53 MP: 7/7
  4788 | D:4      | Reached skill level 6 in Unarmed Combat
  5266 | D:4      | Found a sacrificial altar of Ru.
  5417 | D:5      | Entered Level 5 of the Dungeon
  6000 | D:4      | Found a sacrificial altar of Ru.
  6359 | D:5      | Noticed Eustachio
  6487 | D:5      | Killed Eustachio
  6488 | D:5      | Reached skill level 7 in Unarmed Combat
  6488 | D:5      | Reached XP level 8. HP: 49/60 MP: 8/8
  7132 | D:5      | Reached skill level 8 in Unarmed Combat
  7760 | D:5      | Noticed Blork the orc
  7768 | D:5      | Killed Blork the orc
  8247 | D:6      | Noticed Edmund
  8254 | D:6      | Reached skill level 9 in Unarmed Combat
  8277 | D:5      | Killed Edmund
  8568 | D:6      | Gained mutation: You are partially covered in molten
                  | scales. (AC +2) [demonic ancestry]
  8568 | D:6      | Reached XP level 9. HP: 65/65 MP: 9/9
  8595 | D:6      | Reached skill level 10 in Unarmed Combat
  8643 | D:6      | Noticed Grinder
  8676 | D:6      | Killed Grinder
  9092 | D:7      | Reached skill level 11 in Unarmed Combat
  9127 | D:7      | Found a sand-covered staircase.
  9163 | Ossuary  | Entered an ossuary
  9478 | D:7      | Found a staircase to the Ecumenical Temple.
  9557 | D:7      | Found an iron altar of Okawaru.
  9557 | D:7      | Found a snail-covered altar of Cheibriados.
  9557 | D:7      | Found a burning altar of Makhleb.
  9564 | D:7      | Found a broken altar of Ashenzari.
  9564 | D:7      | Found a stormy altar of Qazlal.
  9645 | D:7      | Became a worshipper of Warmaster Okawaru
  9688 | D:7      | Reached skill level 12 in Unarmed Combat
  9892 | D:7      | Reached XP level 10. HP: 57/71 MP: 10/10
  9899 | D:7      | Identified the +5 demon blade "Qeybuvi" {elec, rN++ Str+4}
 10591 | D:8      | Noticed a two-headed ogre
 10601 | D:8      | Killed a two-headed ogre
 10601 | D:8      | Reached * piety under Okawaru
 11041 | D:8      | Noticed a two-headed ogre
 11052 | D:8      | Killed a two-headed ogre
 11053 | D:8      | Reached skill level 13 in Unarmed Combat
 11272 | D:8      | Noticed Erica
 11296 | D:8      | Killed Erica
 11296 | D:8      | Reached ** piety under Okawaru
 12496 | D:9      | Found a shimmering altar of Xom.
 12555 | D:9      | Reached skill level 1 in Invocations
 12916 | D:9      | Found a sparkling altar of Nemelex Xobeh.
 13358 | D:10     | Entered Level 10 of the Dungeon
 13377 | D:10     | Reached skill level 14 in Unarmed Combat
 13442 | D:10     | Noticed a two-headed ogre
 13451 | D:10     | Killed a two-headed ogre
 13451 | D:10     | Reached *** piety under Okawaru
 13452 | D:10     | Gained mutation: A demonic guardian rushes to your aid.
                  | [demonic ancestry]
 13452 | D:10     | Reached XP level 11. HP: 59/78 MP: 11/13
 13535 | D:10     | Found a staircase to the Lair.
 13779 | D:10     | Reached skill level 5 in Fighting
 13924 | D:10     | Noticed a two-headed ogre
 13932 | D:10     | Killed a two-headed ogre
 14180 | D:10     | Found an ancient bone altar of Kikubaaqudgha.
 14364 | D:11     | Reached **** piety under Okawaru
 14615 | D:11     | Noticed a red ugly thing
 14622 | D:11     | Killed a red ugly thing
 14623 | D:11     | Reached skill level 5 in Invocations
 15105 | D:12     | Found a staircase to the Orcish Mines.
 15105 | D:12     | Noticed a deep elf pyromancer
 15107 | D:12     | Noticed Frances
 15166 | D:12     | Noticed a deep elf pyromancer
 15169 | D:12     | Killed a deep elf pyromancer
 15203 | D:12     | Found a gate leading to a gauntlet.
 15214 | Gauntlet | Entered a Gauntlet
 15214 | Gauntlet | Found a transporter.
 15214 | Gauntlet | Found a transporter.
 15214 | Gauntlet | Found a transporter.
 15214 | Gauntlet | Noticed a wizard
 15224 | Gauntlet | Found a transporter.
 15227 | Gauntlet | Found a transporter.
 15233 | Gauntlet | Noticed a death scarab
 15235 | Gauntlet | Found a transporter.
 15238 | Gauntlet | Found a transporter.
 15244 | Gauntlet | Noticed a goliath frog
 15246 | Gauntlet | Found a transporter.
 15250 | Gauntlet | Noticed a spark wasp
 15250 | Gauntlet | a goliath frog changed into a spark wasp
 15252 | Gauntlet | a spark wasp changed into a tyrant leech
 15253 | Gauntlet | Noticed a bunyip
 15253 | Gauntlet | a tyrant leech changed into a bunyip
 15264 | Gauntlet | Found a transporter.
 15265 | Gauntlet | a bunyip changed into a slime creature
 15268 | Gauntlet | Noticed an ice dragon
 15268 | Gauntlet | a slime creature changed into an ice dragon
 15279 | Gauntlet | Noticed a catoblepas
 15281 | Gauntlet | Found a transporter.
 15284 | Gauntlet | Found a transporter.
 15294 | Gauntlet | Found a transporter.
 15390 | Gauntlet | Killed a wizard
 15634 | Gauntlet | Identified the +1 pair of gloves "Aculecwo" {rN+}
 15647 | Gauntlet | Noticed a mana viper
 15647 | Gauntlet | a komodo dragon changed into a mana viper
 15651 | Gauntlet | Noticed a two-headed ogre
 15651 | Gauntlet | a mana viper changed into a two-headed ogre
 15652 | Gauntlet | a two-headed ogre changed into a redback
 15673 | Gauntlet | Noticed a wolf spider
 15673 | Gauntlet | an eye of devastation changed into a wolf spider
 15674 | Gauntlet | a wolf spider changed into a swamp worm
 15675 | Gauntlet | Killed a catoblepas
 15683 | Gauntlet | Noticed a lindwurm
 15683 | Gauntlet | a faun changed into a lindwurm
 15687 | Gauntlet | a lindwurm changed into a floating eye
 15689 | Gauntlet | Noticed a glowing orange brain
 15689 | Gauntlet | a floating eye changed into a glowing orange brain
 15692 | Gauntlet | Noticed a mana viper
 15692 | Gauntlet | an eye of devastation changed into a mana viper
 15693 | Gauntlet | Noticed a glowing shapeshifter
 15693 | Gauntlet | a mana viper changed into a glowing shapeshifter
 15694 | Gauntlet | a glowing shapeshifter changed into a merfolk
 15695 | Gauntlet | Noticed a shock serpent
 15695 | Gauntlet | a merfolk changed into a shock serpent
 15699 | Gauntlet | a shock serpent changed into an eye of devastation
 15715 | Gauntlet | Noticed a great orb of eyes
 15715 | Gauntlet | a redback changed into a great orb of eyes
 15725 | Gauntlet | Noticed a fire dragon
 15725 | Gauntlet | a great orb of eyes changed into a fire dragon
 15729 | Gauntlet | Noticed a quicksilver ooze
 15729 | Gauntlet | a fire dragon changed into a quicksilver ooze
 15730 | Gauntlet | Noticed an emperor scorpion
 15730 | Gauntlet | a quicksilver ooze changed into an emperor scorpion
 15732 | Gauntlet | Noticed a quicksilver ooze
 15732 | Gauntlet | an emperor scorpion changed into a quicksilver ooze
 15733 | Gauntlet | Noticed a goliath frog
 15733 | Gauntlet | a quicksilver ooze changed into a goliath frog
 15735 | Gauntlet | Noticed an ettin
 15735 | Gauntlet | a goliath frog changed into an ettin
 15738 | Gauntlet | Noticed a five-headed hydra
 15738 | Gauntlet | an ettin changed into a five-headed hydra
 15739 | Gauntlet | Noticed an ettin
 15739 | Gauntlet | a five-headed hydra changed into an ettin
 15740 | Gauntlet | Noticed a wolf spider
 15740 | Gauntlet | an ettin changed into a wolf spider
 15744 | Gauntlet | a wolf spider changed into a snapping turtle
 15747 | Gauntlet | Noticed a two-headed ogre
 15747 | Gauntlet | a snapping turtle changed into a two-headed ogre
 15748 | Gauntlet | Noticed a shock serpent
 15748 | Gauntlet | a two-headed ogre changed into a shock serpent
 15750 | Gauntlet | Noticed a shining eye
 15750 | Gauntlet | a shock serpent changed into a shining eye
 15755 | Gauntlet | Noticed a wolf spider
 15755 | Gauntlet | a shining eye changed into a wolf spider
 15756 | Gauntlet | Noticed a satyr
 15756 | Gauntlet | a wolf spider changed into a satyr
 15763 | Gauntlet | Noticed a fire dragon
 15763 | Gauntlet | a satyr changed into a fire dragon
 15771 | Gauntlet | Noticed a spark wasp
 15771 | Gauntlet | a fire dragon changed into a spark wasp
 15777 | Gauntlet | Noticed a great orb of eyes
 15777 | Gauntlet | a spark wasp changed into a great orb of eyes
 15783 | Gauntlet | Noticed an alligator
 15783 | Gauntlet | a great orb of eyes changed into an alligator
 15783 | Gauntlet | Noticed a shock serpent
 15783 | Gauntlet | a glowing orange brain changed into a shock serpent
 15787 | Gauntlet | Noticed a wolf spider
 15787 | Gauntlet | an alligator changed into a wolf spider
 15788 | Gauntlet | Noticed a sea snake
 15788 | Gauntlet | a wolf spider changed into a sea snake
 15794 | Gauntlet | Noticed a wolf spider
 15794 | Gauntlet | a sea snake changed into a wolf spider
 15798 | Gauntlet | Noticed an ice dragon
 15798 | Gauntlet | a wolf spider changed into an ice dragon
 15799 | Gauntlet | Noticed an entropy weaver
 15799 | Gauntlet | an ice dragon changed into an entropy weaver
 15809 | Gauntlet | an entropy weaver changed into something unseen
 15810 | Gauntlet | Noticed an alligator
 15818 | Gauntlet | Noticed a spark wasp
 15818 | Gauntlet | an alligator changed into a spark wasp
 15822 | Gauntlet | a spark wasp changed into a tyrant leech
 15826 | Gauntlet | Noticed a bunyip
 15826 | Gauntlet | a tyrant leech changed into a bunyip
 15829 | Gauntlet | Noticed a quicksilver ooze
 15829 | Gauntlet | a bunyip changed into a quicksilver ooze
 15830 | Gauntlet | Noticed a boulder beetle
 15830 | Gauntlet | a quicksilver ooze changed into a boulder beetle
 15843 | Gauntlet | a boulder beetle changed into a swamp worm
 15846 | Gauntlet | Noticed a glowing orange brain
 15846 | Gauntlet | a water nymph changed into a glowing orange brain
 15854 | Gauntlet | Noticed a lindwurm
 15854 | Gauntlet | a glowing orange brain changed into a lindwurm
 15856 | Gauntlet | a lindwurm changed into a merfolk
 15860 | Gauntlet | Noticed an anaconda
 15860 | Gauntlet | a merfolk changed into an anaconda
 15863 | Gauntlet | an anaconda changed into a faun
 15883 | Gauntlet | Noticed a glowing orange brain
 15883 | Gauntlet | a shock serpent changed into a glowing orange brain
 15889 | Gauntlet | Noticed a shock serpent
 15889 | Gauntlet | a glowing orange brain changed into a shock serpent
 15898 | Gauntlet | Noticed a fire crab
 15898 | Gauntlet | a moth of wrath changed into a fire crab
 15899 | Gauntlet | Noticed a swamp dragon
 15899 | Gauntlet | a fire crab changed into a swamp dragon
 15901 | Gauntlet | Noticed a shock serpent
 15901 | Gauntlet | a swamp dragon changed into a shock serpent
 15903 | Gauntlet | Noticed a shining eye
 15903 | Gauntlet | a shock serpent changed into a shining eye
 15906 | Gauntlet | Noticed a shock serpent
 15906 | Gauntlet | a shining eye changed into a shock serpent
 15912 | Gauntlet | Noticed a lindwurm
 15912 | Gauntlet | a snapping turtle changed into a lindwurm
 15955 | Gauntlet | Noticed a minotaur
 15972 | Gauntlet | Killed a minotaur
 16212 | Gauntlet | Identified the +7 quarterstaff "Dupluqoq" {pain, rC++ Str-4
                  | Dex+4}
 16318 | D:12     | Noticed a sixfirhy
 16417 | D:12     | Reached ***** piety under Okawaru
 16528 | D:12     | Noticed a cyan ugly thing
 16530 | D:12     | Noticed a sixfirhy
 16836 | D:12     | Noticed a green ugly thing
 16838 | D:12     | Noticed Psyche
 16845 | D:12     | Killed a green ugly thing
 16855 | D:12     | Killed Psyche
 16855 | D:12     | Received a gift from Okawaru
 16897 | D:12     | Found a transporter.
 16922 | D:12     | Found a viscous altar of Jiyva.
 16922 | D:12     | Found a transporter.
 16946 | D:12     | Killed Frances
 16946 | D:12     | Received a gift from Okawaru
 16947 | D:12     | Reached XP level 12. HP: 78/92 MP: 16/18
 17260 | D:12     | Noticed a two-headed ogre
 17265 | D:12     | Killed a two-headed ogre
 17266 | D:12     | Reached skill level 15 in Unarmed Combat
 17806 | Lair:1   | Entered Level 1 of the Lair of Beasts
 17963 | Lair:1   | Identified the +5 chain mail of the Tarantula {rPois Will-
                  | rCorr}
 18589 | Lair:2   | Identified a scroll of acquirement
 18589 | Lair:2   | Acquired a manual of Invocations
 18604 | Lair:2   | Reached skill level 1 in Dodging
 18960 | Lair:2   | Found a staircase to the Shoals.
 18976 | Lair:2   | Reached skill level 10 in Invocations
 19907 | Lair:2   | Received a gift from Okawaru
 19924 | Lair:2   | Reached XP level 13. HP: 86/101 MP: 20/20
 20073 | Lair:2   | Reached ****** piety under Okawaru
 20205 | Lair:2   | Found a hole to the Spider Nest.
 20691 | Lair:3   | Reached skill level 5 in Armour
 21029 | Lair:3   | Identified the Reference Book on Envenoming and Clay
 22619 | Lair:5   | Reached skill level 10 in Fighting
 23389 | Lair:5   | Received a gift from Okawaru
 24080 | Lair:6   | Entered Level 6 of the Lair of Beasts
 24080 | Lair:6   | Found a staircase to the Slime Pits.
 24080 | Lair:6   | Found a viscous altar of Jiyva.
 24084 | Lair:6   | Reached skill level 5 in Dodging
 24097 | Lair:5   | HP: 1/103 [wolf (6)]
 24104 | Lair:5   | HP: 5/103 [poisoned by a cane toad]
 24108 | Lair:5   | HP: 2/103 [poisoned by a cane toad]
 25099 | Lair:5   | HP: 5/104 [cane toad (6)]
 25100 | Lair:5   | HP: 1/104 [cane toad (3)]
 25511 | Lair:6   | Received a gift from Okawaru
 26111 | Lair:6   | Reached skill level 16 in Unarmed Combat
 26791 | Lair:6   | Gained mutation: You are mostly covered in molten scales.
                  | (AC +3) [demonic ancestry]
 26791 | Lair:6   | Reached XP level 14. HP: 86/111 MP: 21/21
 27397 | Lair:6   | Received a gift from Okawaru
 28136 | Lair:6   | Identified the +2 pair of boots "Ubletimi" {rC++ Int+3
                  | Dex-4}
 28370 | Orc:1    | Entered Level 1 of the Orcish Mines
 29023 | Orc:2    | Entered Level 2 of the Orcish Mines
 29376 | Orc:2    | Found Fivug's Antique Weapon Shop.
 29783 | Orc:2    | Mangled by an orc warrior

Illustrated notes

Levels and vault maps discovered:
D:1:      minmay_arrival_three_doors, layout_loops_corners, hex_large,
          minmay_tripent
D:2:      layout_rooms, basic_altar, uniq_robin, uniq_terence
D:3:      minmay_diamond_boxcup, layout_basic, minmay_cut_off
D:4:      layout_basic, lemuel_tele_altar, uniq_menkaure
D:5:      layout_layer_cave, uniq_blork_the_orc, uniq_eustachio
D:6:      layout_rooms, uniq_grinder, uniq_edmund
D:7:      layout_basic, minmay_overflow_temple_hex,
          minmay_temple_entry_stoned_glass, nicolae_ossuary_entry_ruins,
          grunt_ministairs_13, minmay_ruffians
D:8:      layout_cave_pods, uniq_erica
D:9:      layout_irregular_city, nemelex_diamond_rough_becter, dk_xom_monty_hall
D:10:     layout_basic, tso_metal_star, kennysheep_mini
D:11:     layout_basic
D:12:     gammafunk_jiyva_shrine, layout_irregular_city, david_orc_3,
          gauntlet_entry_generic, uniq_psyche, uniq_frances
Lair:1:   layout_regular_city, chequers_serial_rivers_marsh,
          infiniplex_staircase_pool_2
Lair:2:   layout_gridlike, elwin_shoals_entry_stream,
          spider_nest_entry_funnel_web, st_stairs_10, roderic_carrion_pond,
          grunt_megastairs_1
Lair:3:   layout_roguey, serial_bayou_shore_a, lemuel_fruit_fields,
          grunt_megastairs_3
Lair:4:   layout_misc_corridors
Lair:5:   layout_gridlike, serial_bayou, serial_bayou_lagoon_b,
          serial_bayou_pond_b, serial_bayou_pond_d, serial_bayou_crossing
Lair:6:   minmay_lair_end_frog_pond, layout_cave_shapes, slime_altar_1
Orc:1:    layout_diamond_mine
Orc:2:    grunt_orc_gardens, layout_caves, grunt_orc_garden, grunt_orc_garden,
          grunt_orc_garden, grunt_orc_garden, enter_volcano_3,
          statue_in_the_mist_lemuel, led_sif_book

Skill      XL: |  1  2  3  4  5  6  7  8  9 10 11 12 13 14 |
---------------+-------------------------------------------+-----
Long Blades    | 2 3 |  3.7
Unarmed Combat | 1 3 5 7 9 12 14 15 16 | 16.4
Fighting       | 4 7 9 10 11 | 11.5
Invocations    | 3 8 10 | 10.0
Armour         | 4 6 8 |  8.0
Dodging        | 3 6 7 |  7.4
Shields        | |  2.6

Action                   |  1- 3 |  4- 6 |  7- 9 | 10-12 | 13-15 || total
-------------------------+-------+-------+-------+-------+-------++-------
Melee: Long sword        |    78 |   261 |   191 |       |       ||   530
       Unarmed           |       |       |   264 |   510 |   612 ||  1386
       Punch             |       |       |       |    27 |    60 ||    87
       Scimitar          |       |       |       |       |    48 ||    48
Invok: Heroism           |       |       |       |     7 |    10 ||    17
Evoke: Wand              |       |       |       |    26 |     6 ||    32
  Use: Scroll            |     5 |     4 |     8 |    14 |     7 ||    38
       Potion            |     1 |     1 |       |     5 |     2 ||     9
 Stab: Invisible         |       |       |       |     1 |       ||     1
       Paralysed         |       |       |       |       |     1 ||     1
       Distracted        |       |       |       |       |     1 ||     1
Armor: Scale mail        |    38 |   106 |   241 |   183 |   339 ||   907
Dodge: Dodged            |    21 |    80 |   167 |   252 |   743 ||  1263
       Repelled          |       |       |       |       |     5 ||     5
Block: Kite shield       |    58 |   193 |   360 |   167 |       ||   778
       Other             |       |       |       |    28 |   146 ||   174
       Rpst.: Long sword |    12 |    24 |    14 |       |       ||    50
       Scimitar          |       |       |       |       |    12 ||    12

Table legend: (Time is in decaauts)
 A = Elapsed time spent in this place.
 B = Non-inter-level travel time spent in this place.
 C = Inter-level travel time spent in this place.
 D = Time resting spent in this place.
 E = Time spent auto-exploring this place.
 F = Levels seen in this place.
 G = Mean time per level.
                   A        B        C        D        E       F      G
               +--------+--------+--------+--------+--------+-----+--------+
         Total |  29870 |  28990 |    880 |   8066 |  16857 |  22 | 1357.7 |
       Dungeon |  16888 |  16308 |    580 |   3026 |  10852 |  12 | 1407.3 |
          Lair |  10422 |  10142 |    280 |   4060 |   5012 |   6 | 1737.0 |
  Orcish Mines |   1188 |   1168 |     20 |    729 |    233 |   2 |  594.0 |
       Ossuary |    311 |    311 |      0 |      0 |    162 |   1 |  311.0 |
      Gauntlet |   1059 |   1059 |      0 |    251 |    598 |   1 | 1059.0 |
               +--------+--------+--------+--------+--------+-----+--------+

Top non-repeatable levels by time:
  Lair:5: 4110 daAuts
     D:5: 2242 daAuts
     D:3: 2139 daAuts
     D:4: 2036 daAuts
  Lair:2: 1807 daAuts
     D:7: 1485 daAuts
    D:12: 1433 daAuts
  Lair:4: 1414 daAuts
     D:1: 1361 daAuts
     D:9: 1309 daAuts
  Lair:6: 1210 daAuts
     D:8: 1183 daAuts
    D:11: 1169 daAuts
   Orc:1: 1109 daAuts
  Lair:3: 1092 daAuts
